[Event "CCT Chessable Masters D-II 2024"]
[Site "Online"]
[Date "2024.02.05"]
[Round "54"]
[White "GMBenjaminBok"]
[Black "AnishGiri"]
[Result "1-0"]
[ECO "A13"]
[WhiteElo "2668"]
[BlackElo "2751"]
[Annotator "TA"]
[PlyCount "91"]
[EventDate "2024.01.12"]
[EventType "k.o."]
[EventCountry "NET"]
[SourceTitle "playchess.com"]
[Source "ChessBase"]
[SourceQuality "1"]
[TimeControl "600+2"]

1. c4 Nf6 2. Nf3 e6 3. b3 d5 4. Bb2 c5 5. cxd5 exd5 6. g3 Nc6 7. Bg2 d4 8. O-O {[%emt 0:00:04] The position is equal.} Be7 9. Na3 O-O 10. e3 Bf5 11. Nc4 dxe3 12. dxe3 Qxd1 13. Rfxd1 Rfd8 14. Nfe5 Rxd1+ $1 15. Rxd1 Rd8 16. Rxd8+ Nxd8 17. Kf1 Be4 18. Na5 Bxg2+ 19. Kxg2 Ne8 20. f4 f6 21. Nd3 f5 22. Kf3 Kf7 23. e4 g6 24. h3 Ke6 25. Nc4 fxe4+ 26. Kxe4 b5 27. Ne3 Nd6+ 28. Kf3 Nf5 29. Nc2 Nb7 30. g4 Nfd6 31. Ne3 c4 {[%emt 0:00:08] [#] White stays focused until the end.} (31... Bf6 $11 {keeps the balance.}) 32. f5+ $1 $16 gxf5 33. gxf5+ Kf7 34. Ne5+ Ke8 35. bxc4 {[%emt 0:00:00] White is more active.} Bf6 (35... bxc4 $16 36. N5xc4 Bf8) 36. cxb5 $18 Nxb5 37. N3g4 (37. Nd5 $18 Bxe5 38. Bxe5) 37... Bxe5 (37... Bg5 $16 {was necessary.} 38. Ne3 Nc5) 38. Bxe5 $16 {[%emt 0:00:03][%mdl 4096] Endgame. KBN-KNN} Nc5 $2 (38... Kf8 39. Nf6 Kg7 40. Ne4+ Kf7) 39. Nf6+ $18 Ke7 40. Nxh7 Nd7 41. Bb2 Nb6 42. Ng5 Nd7 43. h4 Ke8 44. h5 {[%emt 0:00:01] [#] Strongly threatening h6.} Nd6 45. Kf4 {[%emt 0:00:06] Black must now prevent h6.} Nf8 46. h6 {[%emt 0:00:02] Weighted Error Value: White=0.24 (precise) /Black=0.45.  Mistake:       	White=1     	Black=4      Inaccurate:     	White=3     	Black=2      OK:         	White=12    	Black=11     Best:        	White=2     	Black=2      Strong:       	---       	Black=1} (46. Ba3 $142 Nb5 47. Bxf8 Kxf8 48. f6 Nd6 49. h6 (49. Ke5 Ne8 50. h6 Nxf6 51. Kxf6 Ke8 52. h7 Kd7 53. h8=Q Kc6 54. Qc8+ Kd5) 49... Ke8 50. h7 Kd8 51. h8=Q+ (51. h8=R+ Kc7 52. Ne4 Nb5 53. f7 Nd4 54. Rh6 Kd7 55. f8=Q Ne6+ 56. Rxe6 Kxe6) 51... Kc7 52. f7) 1-0

[Event "CCT Chessable Masters D-II 2024"]
[Site "Online"]
[Date "2024.02.05"]
[Round "55"]
[White "Sibelephant"]
[Black "GMBenjaminBok"]
[Result "1/2-1/2"]
[ECO "A07"]
[WhiteElo "2779"]
[BlackElo "2678"]
[Annotator "TA"]
[PlyCount "79"]
[EventDate "2024.01.12"]
[EventType "k.o."]
[EventCountry "NET"]
[SourceTitle "playchess.com"]
[Source "ChessBase"]
[SourceQuality "1"]
[TimeControl "600+2"]

1. Nf3 d5 2. g3 g6 3. Bg2 Bg7 4. O-O e5 5. d3 Nc6 6. Nc3 Nge7 7. e4 dxe4 8. dxe4 O-O 9. Be3 Nd4 10. Ne2 Bg4 11. Bxd4 exd4 12. Nexd4 c5 {[%emt 0:02:54] Inhibits c3.} 13. Ne2 Bxb2 {[%emt 0:01:04] A strong pair of Bishops.} 14. Rb1 Bg7 15. Rxb7 Nc6 16. c3 (16. h3 $11 Qc8 17. Rb5) 16... Qf6 $1 $17 17. Nf4 $2 {[%emt 0:00:33] [#]} (17. Nd2 $15) 17... Qxc3 $2 (17... Ne5 $1 $19 {And now ...Rad8 would win.} 18. Qe2 Bxf3 (18... g5 19. Nd5 $16) 19. Bxf3 g5) 18. Nd5 $11 Qa5 19. h3 (19. Qb1 $11) 19... Bxf3 $15 20. Qxf3 Qxa2 21. Nf6+ (21. Qe3 $11) 21... Kh8 {[%emt 0:00:11] aiming for ...Nd4.} 22. Nd7 Nd4 (22... Ne5 $17 23. Nxe5 Bxe5) 23. Qe3 $11 Rfd8 {[%emt 0:00:13] Strongly threatening ...Rac8.} 24. e5 ({Much less strong is} 24. Nxc5 Rac8 25. Nb3 Rd6 $14) 24... Rac8 {[%emt 0:00:05] Hoping for ...Qe6.} 25. Kh2 (25. Nf6 $15) 25... Qe6 $19 26. Nf6 Bxf6 27. exf6 Qxf6 28. Rxa7 c4 29. Rc1 Kg7 {[%emt 0:00:10][%cal Oc4c3] ...c3! would now be deadly.} 30. Rb7 $2 {[%emt 0:00:09] [#]} (30. Qc3) 30... c3 $1 31. Rb4 c2 32. Be4 Rd6 33. Kg2 Re8 34. Rc4 h5 35. Qd3 Red8 (35... h4 $142 {Threatens to win with ...hxg3.} 36. g4 Rb8) 36. Qc3 {[%emt 0:00:02] [#]} Re8 $2 (36... Re6 $1 $19 37. Bf3 Rb6 38. Rxd4 Qxd4 (38... Rxd4 $2 39. h4 $19) 39. Rxc2 (39. Qxd4+ Rxd4 40. Rxc2 h4 $19) 39... Qxc3 40. Rxc3 Rd2) 37. Bxc2 (37. Qd3 $11) 37... Nxc2 $2 (37... Re2 $19 38. Rf1 Rxc2 39. Qxd4 Qxd4 (39... Rxd4 $2 40. Rxc2 Qe5 41. Rc3 $19) 40. Rxd4 Rxd4) 38. Qxf6+ $11 {[%emt 0:00:01] The position is equal.} Rxf6 39. R1xc2 Ree6 40. h4 {[%emt 0:00:02] Weighted Error Value: White=0.46/Black=0.44.  Loses game:     	White=2     	---        Missed win:     	---       	Black=3      Mistake:       	White=5     	Black=2      Inaccurate:     	White=1     	Black=1      OK:         	White=13    	Black=11     Best:        	---       	Black=4      Strong:       	---       	Black=1      Brilliant:      	---       	Black=1} 1/2-1/2

[Event "CCT Chessable Masters D-II 2024"]
[Site "Online"]
[Date "2024.02.05"]
[Round "55"]
[White "GMBenjaminBok"]
[Black "Sibelephant"]
[Result "1-0"]
[ECO "D45"]
[WhiteElo "2682"]
[BlackElo "2775"]
[Annotator "TA"]
[PlyCount "111"]
[EventDate "2024.01.12"]
[EventType "k.o."]
[EventCountry "NET"]
[SourceTitle "playchess.com"]
[Source "ChessBase"]
[SourceQuality "1"]
[TimeControl "600+2"]

1. c4 c6 2. Nf3 d5 3. e3 Nf6 4. Nc3 e6 5. b3 Bd6 6. Bb2 O-O 7. d4 Nbd7 8. Be2 b6 9. O-O Bb7 10. Qc2 Qe7 11. Rad1 Rfe8 {[%emt 0:00:07] D45: Semi-Slav: 5 e3.} 12. Rfe1 Bb4 13. Bd3 h6 14. h3 c5 $146 ({Predecessor:} 14... Rac8 15. a3 Bxa3 16. Bxa3 Qxa3 17. Ra1 Qd6 18. Rxa7 Qb8 19. Raa1 c5 20. Qe2 e5 21. dxe5 Nxe5 22. Nxd5 Nxd5 23. cxd5 Bxd5 24. Nxe5 Qxe5 {½-½ Arutinian,D (2564)-Galkin,A (2598) TUR-chT Konya 2011 (1)}) 15. a3 dxc4 16. Bxc4 Bxf3 17. gxf3 cxd4 18. axb4 dxc3 19. Qxc3 Rac8 20. b5 Nf8 21. Kh2 Ng6 22. Rg1 a6 23. Qd3 (23. bxa6 $2 b5 24. Ra1 (24. Rxg6 $2 fxg6 25. Rc1 bxc4 $19) 24... bxc4 25. bxc4 e5 $19) (23. Rxg6 fxg6 24. Qe1 (24. bxa6 $2 b5 $19) 24... axb5 25. Bxb5 Red8 $19) 23... axb5 24. Bxb5 Red8 25. Qe2 Rxd1 26. Rxd1 Rc5 (26... Nh4 {feels hotter.} 27. Rd4 Nh5 28. Ba6 Rd8) 27. f4 Qc7 28. Bd3 (28. Bxf6 $14 gxf6 29. Rd7) 28... Nd5 (28... e5 $1 $11) 29. Qg4 (29. Qf3 $14) 29... h5 (29... Nxe3 $11 {remains equal.} 30. fxe3 Rc2+ 31. Kg3 (31. Bxc2 Qxc2+ 32. Kg1 Qxb2 $11) 31... Rxb2 32. Bxg6 fxg6 33. Qxg6 e5) 30. Qg3 (30. Qxh5 $2 Ndxf4 $19) 30... Nde7 31. Qf3 Nf5 {[%emt 0:00:18] [#]} (31... Rd5 $142) 32. Be4 $1 $16 (32. Qxh5 Nxe3 33. Be5 Nxd1 34. Bxg6 fxg6 $17) 32... Nfh4 33. Qe2 Nf5 {[%emt 0:00:03] [#]} (33... f5 $16 34. Bh1 Rc2) 34. Rd2 $1 $18 (34. Qxh5 Nxe3 (34... Nxf4 $2 35. exf4 Qxf4+ 36. Kg1 $18) 35. Be5 Nxd1 36. Bxg6 fxg6 $17) 34... Nfe7 (34... Nd6 {was necessary.} 35. Bxg6 fxg6) 35. Qd3 (35. b4 $142 Rc4 36. Qd1) 35... f5 $18 36. Bf3 Nd5 37. Bxh5 Ndxf4 $2 (37... Kh7 {is more resistant.}) 38. Qd8+ $18 Qxd8 39. Rxd8+ Kh7 40. exf4 Nxf4 41. Bd1 e5 42. b4 Rb5 43. Bc3 Nd5 44. Be2 Nxc3 45. Bxb5 Nxb5 46. Rb8 Nc3 47. Rxb6 e4 48. b5 f4 49. Kg2 (49. Rb8 $142 Kg6 50. b6) 49... g5 50. Rb8 f3+ 51. Kf1 e3 52. fxe3 Ne4 53. b6 Kg7 54. b7 Nc5 55. Rg8+ Kxg8 56. b8=Q+ ({And not} 56. b8=B Ne4 $11) 1-0

[Event "CCT Chessable Masters D-II 2024"]
[Site "Online"]
[Date "2024.02.05"]
[Round "56"]
[White "LevonAronian"]
[Black "GMBenjaminBok"]
[Result "0-1"]
[ECO "C54"]
[WhiteElo "2761"]
[BlackElo "2682"]
[Annotator "TA"]
[PlyCount "102"]
[EventDate "2024.01.12"]
[EventType "k.o."]
[EventCountry "NET"]
[SourceTitle "playchess.com"]
[Source "ChessBase"]
[SourceQuality "1"]
[TimeControl "600+2"]

1. e4 e5 2. Bc4 Nf6 3. d3 Nc6 4. Nf3 Bc5 5. O-O d6 6. c3 a5 {[%emt 0:00:01] Nowadays more popular than 6...0-0. C54: Giuoco Piano: 4 c3 Nf6, main lines with 5 d4 and 5 d3.} 7. Re1 O-O 8. Nbd2 Be6 9. Bb3 Bxb3 10. Nxb3 a4 11. Nxc5 dxc5 12. Be3 $146 ({Predecessor:} 12. Bg5 h6 13. Be3 Qe7 14. Nh4 b6 15. Nf5 Qe6 16. Qf3 Ne7 17. d4 cxd4 18. Nxe7+ Qxe7 19. cxd4 exd4 20. Bxd4 {½-½ Fang,Y (2420)-Zhou,W (2606) CHN-chT China 2017 (10.3)}) 12... b6 13. Qc2 Qe7 14. Rad1 Rfd8 15. h3 h6 16. Kh2 Qe6 17. a3 Rd7 18. g4 Nh7 19. Rg1 Rad8 20. g5 (20. Qxa4 $11 Rxd3 21. Rxd3 Rxd3 22. Rd1 Rxd1 23. Qxd1) 20... hxg5 $15 21. Bxg5 Nxg5 22. Nxg5 (22. Rxg5 $15 c4 23. Rdg1 (23. Qxa4 $2 {loses.} Rxd3 24. Rxd3 cxd3 $19)) 22... Qf6 $19 23. Qxa4 (23. Rg3 $142) 23... Rxd3 $19 24. Rdf1 (24. Rxd3 $142 Rxd3 25. Rg2 (25. Kh1 $2 Rd2 $19)) 24... Ne7 25. f4 exf4 (25... Ng6 $142 26. fxe5 Qxe5+ 27. Kh1 Rg3) 26. e5 $19 Qxe5 27. Qxf4 Ng6 28. Qxe5 Nxe5 29. Rf5 $2 (29. a4) 29... f6 (29... Rd2+ $2 30. Rg2 $19) 30. Ne6 R8d7 31. Rgf1 Rd2+ (31... R3d6 $142 32. Ng5 Rd2+ 33. Kg1 Rxb2) 32. R5f2 $19 Kf7 33. Ng5+ Ke7 34. Ne4 Rxf2+ 35. Rxf2 Rd3 36. Re2 Kf7 37. Nf2 Rd7 38. Kg3 g5 39. h4 gxh4+ 40. Kxh4 Rd8 41. Ne4 (41. Kh3 $142) 41... Rg8 $19 42. Kh3 Nf3 (42... f5 $142 43. Ng3 Rh8+ 44. Kg2 Ke6) 43. Re3 $19 Ng5+ 44. Nxg5+ Rxg5 45. b4 Re5 46. Rxe5 $4 (46. Rd3 $17) 46... fxe5 47. bxc5 b5 48. Kg4 Ke6 49. c6 Kd6 50. Kf3 Kxc6 51. Ke4 Kd6 0-1

[Event "CCT Chessable Masters D-II 2024"]
[Site "Online"]
[Date "2024.02.05"]
[Round "56"]
[White "GMBenjaminBok"]
[Black "LevonAronian"]
[Result "0-1"]
[ECO "B06"]
[WhiteElo "2692"]
[BlackElo "2751"]
[Annotator "TA"]
[PlyCount "92"]
[EventDate "2024.01.12"]
[EventType "k.o."]
[EventCountry "NET"]
[SourceTitle "playchess.com"]
[Source "ChessBase"]
[SourceQuality "1"]
[TimeControl "600+2"]

1. d4 g6 2. Nf3 Bg7 3. e4 d6 4. Bc4 e6 5. Bb3 a6 6. O-O {[%emt 0:00:02] B06: Modern Defence.} Nd7 7. Qe2 Ne7 8. c3 b6 9. Rd1 Bb7 10. Nbd2 Nf6 $146 ({Predecessor:} 10... O-O 11. Nf1 Nc6 12. Ng3 h6 13. Bc2 Qe7 14. Be3 e5 15. d5 Ncb8 16. Qd2 Kh7 {1-0 Barlov,D (2487)-Hernando Rodrigo,J (2331) Gran Canaria Montalvo Memorial 3rd 2010 (7)}) 11. e5 Nd7 12. exd6 cxd6 13. Ne4 Nf6 14. Nxf6+ Bxf6 15. Ng5 O-O 16. Qg4 Nf5 17. Ne4 Be7 18. Ng3 Nh4 19. f3 Kh8 20. Bh6 Rg8 21. Qf4 (21. Re1 $1 $11) 21... Bf6 (21... g5 $1 $17 22. Qg4 (22. Qxf7 Rg6 $17) 22... Rg6) 22. Ne4 $11 Bxe4 $1 23. fxe4 g5 24. Qf2 (24. Qg4 $1 $11) 24... Rg6 $15 25. g3 (25. e5 $2 Be7 (25... dxe5 26. dxe5 Qc7 27. exf6 $11) (25... Rxh6 26. exf6 Rxf6 27. Qe3 $17) 26. d5 (26. g3 $2 Nf5 $19) 26... Rxh6 $19) 25... Rxh6 26. Rf1 Qe7 (26... Ng6 27. Qxf6+ Qxf6 28. Rxf6 $16) 27. gxh4 Rg8 28. h5 (28. Rad1 $1 $15) 28... g4 $1 $17 29. Qf4 (29. Qe2 $17) 29... g3 (29... Rg5 $19 30. Rf2 Rgxh5 (30... e5 31. dxe5 dxe5 32. Qg3 $17)) 30. hxg3 $17 (30. Qxh6 $2 Bg5 $19) 30... Rg5 ({Black should play} 30... Bh4 $1 $17 31. Rf3 (31. Qxh6 $2 Bg5 $19) 31... Rxh5 32. Qxf7 Rxg3+ 33. Kf1 Rxf3+ 34. Qxf3 Rg5) 31. Kg2 e5 32. Qf3 (32. Qe3 $1 $11) 32... exd4 $15 33. cxd4 Bxd4 34. Qxf7 Rxg3+ $1 (34... Qxe4+ 35. Qf3 Qxf3+ 36. Rxf3 $11) 35. Kxg3 Qg5+ ({Worse is} 35... Qxe4 36. Qg8#) 36. Kf3 Rf6+ ({And not} 36... Rxh5 37. Qf8+) 37. Qxf6+ Bxf6 38. Rg1 Qxh5+ 39. Rg4 {[%emt 0:00:02] [#]} h6 $1 (39... Bxb2 $2 40. Rag1 $17) 40. Rag1 Bg5 41. Ke2 Qh2+ 42. R1g2 Qe5 43. Rf2 {[%emt 0:00:02] [#]} (43. Kf1 $17 {was worth a try.}) 43... Qxb2+ $2 (43... h5 $1 $19 44. Rf8+ Kh7) 44. Kf1 Qd4 ({Better is} 44... Qe5 $15 45. Kg2 h5) 45. Bd5 $2 (45. Kg2 $11) 45... Qd1+ $19 46. Kg2 Qxg4+ 0-1